[Event "Late-Titled-Tuesday-Blitz-October-17-2023"]
[Site "Chess.com"]
[Date "2023.10.17"]
[Round "4"]
[White "Beca95"]
[Black "FrankDux44"]
[Result "1-0"]
[WhiteElo "2916"]
[BlackElo "2658"]
[TimeControl "180+1"]
[EndTime "14:36:41 PDT"]
[Termination "Beca95 won by resignation"]

1. e4 c5 2. Nc3 d6 3. Bc4 e6 4.
a3 Nf6 5. Ba2 Be7 6. f4 d5 7. e5 Nfd7 8. Nf3 Nc6 9. O-O a6 10.
Ne2 Qc7 11. c3 O-O 12. d4 b6 13. Kh1 cxd4 14. cxd4 f5 15. Rg1 a5 16. Be3 Ba6 17. g4 Bxe2 18. Qxe2 Kh8 19. gxf5 Rxf5 20. Rg3 Raf8 21. Rag1 g6 22. Rh3 R8f7 23. Bb1 Nf8 24.
Bxf5 Rxf5 25. Qc2 Qd7 26. Rc1 Nd8 27. Qc7 Qe8 28. Qxb6 g5 29. fxg5 Nf7 30. Qc6 Qxc6 31. Rxc6 Nxg5 32. Nxg5 Bxg5 33. Bxg5 Rxg5 34. Rf3 Ng6 35.
Rxe6 Kg7 36. Rd6 Rg4 37. Rxd5 Re4 38. Rd7+ Kh6 39. Kg1 Nf4 40. Rxf4 Rxf4 41. e6 Re4 42. e7 Kg5 43. d5 Kf4 44. Kf2 1-0

[Event "Late-Titled-Tuesday-Blitz-October-17-2023"]
[Site "Chess.com"]
[Date "2023.10.17"]
[Round "4"]
[White "dianamirza"]
[Black "ToddBryant"]
[Result "0-1"]
[WhiteElo "1956"]
[BlackElo "2327"]
[TimeControl "180+1"]
[EndTime "14:36:48 PDT"]
[Termination "ToddBryant won by checkmate"]

1. e4 c5 2. Nf3 d6 3. d4 cxd4 4.
Nxd4 Nf6 5. Nc3 g6 6. f3 Bg7 7. Be3 O-O 8. Qd2 Nc6 9. g4 Bd7 10.
Nxc6 bxc6 11. Bh6 Rb8 12. Bxg7 Kxg7 13. Rb1 Qa5 14. Bc4 Be6 15. Bxe6 fxe6 16. Kf2 Nxg4+ 17. Kg3 Ne5 18. f4 Nd7 19. Qe3 Nf6 20. h4 Nh5+ 21.
Kg4 Rxf4+ 22. Qxf4 Nxf4 23. Kxf4 Rf8+ 24. Ke3 Qc5+ 25.
Ke2 Rf2+ 26. Kd3 Rf3+ 27. Kd2 Qe3+ 28. Kd1 Rf2 29. Re1 Qd2# 0-1

[Event "Late-Titled-Tuesday-Blitz-October-17-2023"]
[Site "Chess.com"]
[Date "2023.10.17"]
[Round "4"]
[White "Deeper44"]
[Black "NormWeinstein"]
[Result "1-0"]
[WhiteElo "2641"]
[BlackElo "2401"]
[TimeControl "180+1"]
[EndTime "14:37:03 PDT"]
[Termination "Deeper44 won by resignation"]

1. d4 c5 2. d5 e5 3. c4 d6 4. Nc3 Be7 5. Nf3 Bg4 6. Nd2 Nf6 7. Qb3 b6 8. f3 Bd7 9. e4 O-O 10. g3 Ne8 11. Bg2 Bg5 12. O-O Be3+ 13. Kh1 Na6 14. Nb5 Bxd2 15. Bxd2 Nac7 16. a4 a6 17. Nc3 Rb8 18.
f4 f6 19. fxe5 fxe5 20. Rxf8+ Kxf8 21. Rf1+ Kg8 22. Qd1 b5 23. axb5 axb5 24. b3 bxc4 25. bxc4 Nf6 26. Bg5 Nce8 27. Nb5 Bxb5 28. cxb5 Rxb5 29.
Bh3 h6 30. Be6+ Kh8 31. Qc1 hxg5 32. Qxg5 Nc7 33. Qh4+ 1-0

[Event "Late-Titled-Tuesday-Blitz-October-17-2023"]
[Site "Chess.com"]
[Date "2023.10.17"]
[Round "4"]
[White "SaqoChess_Twitch"]
[Black "PapaieDudu"]
[Result "0-1"]
[WhiteElo "2571"]
[BlackElo "2379"]
[TimeControl "180+1"]
[EndTime "14:37:07 PDT"]
[Termination "PapaieDudu won by checkmate"]

1. d4 d5 2. c4 e6 3. Nc3 Nf6 4.
Bg5 a6 5. cxd5 exd5 6. e3 Be7 7.
Bd3 Nbd7 8. Nf3 O-O 9. O-O Re8 10. Qc2 Nf8 11. Ne5 h6 12. Bh4 Ne6 13. Bg3 c5 14.
Ne2 b5 15. dxc5 Nxc5 16. Bf5 Bxf5 17. Qxf5 Bd6 18. Rfd1 Nce4 19. Ng4 Nxg4 20. Qxg4 Bxg3 21. Nxg3 Nf6 22. Qf3 Re5 23. Nf5 Qd7 24. Nxh6+ Kf8 25. Qg3 Qe6 26. Nxf7 Kxf7 27. Rac1 Re8 28. Rc7+ Re7 29. Rdc1 Ne4 30. Qf4+ Rf5 31. Rxe7+ Kxe7 32. Qb8 Nd6 33. Rc7+ Kf6 34. Rc6 Ke7 35. Rc7+ Kf6 36. Qd8+ Kg6 37. Rc6 Rf6 38. Rxa6 Qf5 39. f4 Qb1+ 40. Kf2 Ne4+ 41. Kf3 Qd1# 0-1

[Event "Late-Titled-Tuesday-Blitz-October-17-2023"]
[Site "Chess.com"]
[Date "2023.10.17"]
[Round "4"]
[White "oskariot"]
[Black "SereneSalmon"]
[Result "0-1"]
[WhiteElo "2652"]
[BlackElo "2448"]
[TimeControl "180+1"]
[EndTime "14:37:09 PDT"]
[Termination "SereneSalmon won on time"]

1. e4 e6 2. d4 d5 3. e5 c5 4. c3 Nc6 5. Nf3 Bd7 6. Bd3 cxd4 7. cxd4 Qb6 8. Bc2 Nb4 9. Ba4 Qa6 10. Bxd7+ Kxd7 11. Qd2 Nd3+ 12. Kd1 Rc8 13. Nc3 Bb4 14. Ne1 Nxe1 15. Rxe1 Ne7 16. Qc2 Nf5 17. Be3 Qc4 18. Qa4+ Ke7 0-1

[Event "Late-Titled-Tuesday-Blitz-October-17-2023"]
[Site "Chess.com"]
[Date "2023.10.17"]
[Round "4"]
[White "MKlose11"]
[Black "YouShallNotPass001"]
[Result "1-0"]
[WhiteElo "2632"]
[BlackElo "2401"]
[TimeControl "180+1"]
[EndTime "14:37:10 PDT"]
[Termination "MKlose11 won by resignation"]

1. e4 e5 2. Nf3 Nc6 3. d4 exd4 4. Bc4 Nf6 5. O-O Nxe4 6. Re1 d5 7. Bxd5 Qxd5 8. Nc3 Qh5 9. Nxe4 Be6 10. Bg5 Bd6 11.
Nxd6+ cxd6 12. Bf4 Qf5 13. Bxd6 O-O-O 14. Bg3 g5 15. Ne5 Ne7 16. Qd2 f6 17. Qb4 Rhe8 18.
Nc4 Bxc4 19. Rxe7 Rxe7 20. Qxe7 Qa5 21. b3 Bd5 22. Qxf6 h6 23. h3 Qc3 24. Rd1 Bc6 25. Qe5 Kd7 26. Rxd4+ 1-0

[Event "Late-Titled-Tuesday-Blitz-October-17-2023"]
[Site "Chess.com"]
[Date "2023.10.17"]
[Round "4"]
[White "angryspacevoid"]
[Black "nitpicker"]
[Result "1-0"]
[WhiteElo "2467"]
[BlackElo "2240"]
[TimeControl "180+1"]
[EndTime "14:37:11 PDT"]
[Termination "angryspacevoid won by resignation"]

1. d4 Nf6 2. Bf4 b6 3. Nc3 Bb7 4.
e3 g6 5. h4 h6 6. Nf3 Bg7 7.
Bd3 d6 8. e4 Nbd7 9. e5 Nh5 10.
Bh2 Bxf3 11. Qxf3 dxe5 12. O-O-O exd4 13. Nd5 Rc8 14. Rhe1 e6 15. Bxg6 Nhf6 16. Rxe6+ Kf8 17. Nf4 fxg6 18. Nxg6+ Kf7 19. Re7+ Qxe7 20. Nxe7 Kxe7 21.
g4 c5 22. Re1+ Kd8 23. Bd6 Re8 24. Rxe8+ Nxe8 25. Bg3 Ke7 26. g5 hxg5 27. hxg5 Nd6 28. Qe2+ Kf7 29. Bxd6 c4 30. Qe7+ 1-0

[Event "Late-Titled-Tuesday-Blitz-October-17-2023"]
[Site "Chess.com"]
[Date "2023.10.17"]
[Round "4"]
[White "Flaccidmoves"]
[Black "wadsy27"]
[Result "0-1"]
[WhiteElo "2420"]
[BlackElo "2661"]
[TimeControl "180+1"]
[EndTime "14:37:12 PDT"]
[Termination "wadsy27 won by resignation"]

1. d4 Nf6 2. Bg5 c5 3. d5 Ne4 4.
Bf4 e6 5. Nf3 Qa5+ 6. Nbd2 exd5 7.
c3 Nf6 8. e3 Nc6 9. Bd3 d6 10.
O-O h6 11. e4 dxe4 12. Nxe4 Nxe4 13. Bxe4 Be6 14. Bd5 O-O-O 15. Re1 g5 16. Bg3 Bxd5 17.
Qxd5 Qc7 18. Rad1 Be7 19. Qxf7 h5 20. h4 gxh4 21. Nxh4 Bxh4 22. Bxh4 Qxf7 0-1

[Event "Late-Titled-Tuesday-Blitz-October-17-2023"]
[Site "Chess.com"]
[Date "2023.10.17"]
[Round "4"]
[White "campochess"]
[Black "Laico"]
[Result "1-0"]
[WhiteElo "2198"]
[BlackElo "2427"]
[TimeControl "180+1"]
[EndTime "14:37:13 PDT"]
[Termination "campochess won by checkmate"]

1. e4 e6 2. Qe2 e5 3. Nc3 Nc6 4. Nf3 Bc5 5. d3 d6 6. Be3 Bb6 7. h3 f5 8. exf5 Bxf5 9. g4 Bg6 10. Bg2 Nf6 11. O-O-O Ba5 12. Ne4 Nxe4 13. dxe4 Bxe4 14.
Bd2 Bxd2+ 15. Rxd2 Bxf3 16. Qxf3 Qf6 17. Qb3 Nd8 18.
Qb5+ c6 19. Qb3 d5 20. c4 d4 21. c5 Qf7 22. Qg3 Qc4+ 23. Kb1 Qxc5 24. Rc1 Qd6 25. Re2 Nf7 26. f4 O-O 27. fxe5 Qg6+ 28. Be4 Qg5 29. Rce1 Nxe5 30. Bxh7+ Kxh7 31. Rxe5 Qg6+ 32. Ka1 d3 33. Qh4+ Kg8 34. Rh5 d2 35. Rh8+ Kf7 36. Re7# 1-0

[Event "Late-Titled-Tuesday-Blitz-October-17-2023"]
[Site "Chess.com"]
[Date "2023.10.17"]
[Round "4"]
[White "wild3000"]
[Black "morte-negra"]
[Result "1-0"]
[WhiteElo "2412"]
[BlackElo "1973"]
[TimeControl "180+1"]
[EndTime "14:37:16 PDT"]
[Termination "wild3000 won by resignation"]

1. d4 Nf6 2. Nf3 e6 3. e3 c5 4. Be2 b6 5. O-O Be7 6. c4 cxd4 7. exd4 Bb7 8. Nc3 O-O 9. d5 d6 10. dxe6 fxe6 11. Ng5 Qc8 12. Nb5 h6 13. Nf3 Qd8 14.
Nh4 a6 15. Nd4 Qd7 16. Ng6 Rf7 17. Bg4 Nxg4 18. Qxg4 e5 19. Ne6 Rf6 20. Bxh6 Rxe6 21.
Nxe5 Rg6 22. Qxg6 1-0

[Event "Late-Titled-Tuesday-Blitz-October-17-2023"]
[Site "Chess.com"]
[Date "2023.10.17"]
[Round "4"]
[White "sjoerd893"]
[Black "Binary010"]
[Result "0-1"]
[WhiteElo "2527"]
[BlackElo "2810"]
[TimeControl "180+1"]
[EndTime "14:37:22 PDT"]
[Termination "Binary010 won by checkmate"]

1. e4 e5 2. Nf3 Nc6 3. Bc4 Bc5 4. c3 Nf6 5. d3 d6 6. Nbd2 a6 7. a4 Ba7 8. Nf1 h6 9. Ng3 O-O 10. O-O d5 11. exd5 Nxd5 12. Re1 Re8 13. Be3 Nxe3 14. fxe3 Qe7 15. d4 Bg4 16. h3 Bd7 17. b4 Rad8 18. Qb3 Rf8 19. Rad1 Bc8 20. Kh1 Kh8 21. d5 e4 22. dxc6 exf3 23. gxf3 Qh4 24. Ne2 Qxh3+ 25. Kg1 Bxe3# 0-1

[Event "Late-Titled-Tuesday-Blitz-October-17-2023"]
[Site "Chess.com"]
[Date "2023.10.17"]
[Round "4"]
[White "Predator0608"]
[Black "Nor1lsk"]
[Result "0-1"]
[WhiteElo "2507"]
[BlackElo "2713"]
[TimeControl "180+1"]
[EndTime "14:37:24 PDT"]
[Termination "Nor1lsk won by resignation"]

1. e4 c5 2. Nf3 e6 3. d4 cxd4 4.
Nxd4 Nf6 5. Nc3 Nc6 6. Ndb5 Bc5 7. Bf4 O-O 8. Bc7 Qe7 9. Bd6 Bxd6 10. Qxd6 Qd8 11.
Nc7 Rb8 12. Be2 b5 13. N7xb5 a6 14. Nd4 Nxd4 15. Qxd4 Rxb2 16. e5 Rxc2 17. exf6 Qa5 18. fxg7 Re8 19. O-O Qxc3 20. Qg4 Qxg7 21. Qh5 Bb7 22.
Bf3 Bxf3 23. Qxf3 d5 24. Qd3 Rc4 25. Rae1 Rec8 26. Re3 Rg4 27. Kh1 Rcc4 28. Rb1 Qg6 29. Qd2 Qxb1+ 30. Re1 Qg6 0-1

[Event "Late-Titled-Tuesday-Blitz-October-17-2023"]
[Site "Chess.com"]
[Date "2023.10.17"]
[Round "4"]
[White "K_A_S_T_O_R"]
[Black "DawidCzerw"]
[Result "1-0"]
[WhiteElo "2864"]
[BlackElo "2556"]
[TimeControl "180+1"]
[EndTime "14:37:26 PDT"]
[Termination "K_A_S_T_O_R won by resignation"]

1. e4 c5 2. Nf3 Nc6 3. d4 cxd4 4. Nxd4 g6 5. c4 Nf6 6. Nc3 d6 7. f3 Nxd4 8. Qxd4 Bg7 9. Be3 O-O 10. Qd2 Be6 11.
Rc1 Qa5 12. b3 Rfc8 13. Nb5 Qxd2+ 14. Kxd2 a6 15. Nd4 Nd7 16. Be2 Ne5 17. f4 Nc6 18. Nxe6 fxe6 19. Bg4 Kf7 20. Rhf1 Rf8 21. Ke2 Bb2 22.
Rcd1 b5 23. c5 dxc5 24. Bxc5 Rad8 25. f5 exf5 26. exf5 gxf5 27. Rxf5+ Bf6 28. Rfd5 Rxd5 29. Rxd5 Ne5 30. Bh3 Rc8 31. Bxc8 1-0

[Event "Late-Titled-Tuesday-Blitz-October-17-2023"]
[Site "Chess.com"]
[Date "2023.10.17"]
[Round "4"]
[White "Vojtap"]
[Black "Hambardzumyan_Yuri"]
[Result "0-1"]
[WhiteElo "2225"]
[BlackElo "2469"]
[TimeControl "180+1"]
[EndTime "14:37:34 PDT"]
[Termination "Hambardzumyan_Yuri won by resignation"]

1. e4 c5 2. Nf3 d6 3. d4 cxd4 4. Nxd4 Nf6 5. Nc3 a6 6. Bg5 Nbd7 7. Qe2 h6 8. Bh4 g6 9. O-O-O e5 10. Nb3 Be7 11.
Kb1 O-O 12. g4 b5 13. Rg1 Bb7 14. Bg3 Rc8 15. Bg2 Nb6 16. Nd5 Bxd5 17. exd5 Nc4 18. f4 exf4 19. Bxf4 Kg7 20. h4 Nd7 21. h5 Bf6 22.
Nd4 Bxd4 23. Rxd4 Qf6 24. c3 Rfe8 25. Qc2 Ne3 26. Bxe3 Rxe3 27. Rf1 Qxd4 28. cxd4 Rxc2 29. Kxc2 Re2+ 30. Kc3 Rxg2 31. Re1 Rxg4 32. Re7 Nf6 33. Ra7 gxh5 34. Rxa6 h4 35. a4 bxa4 36. Rxa4 h3 37.
Ra1 h2 38. Rh1 Rg2 39. b4 Ng4 40. b5 Rg1 0-1

[Event "Late-Titled-Tuesday-Blitz-October-17-2023"]
[Site "Chess.com"]
[Date "2023.10.17"]
[Round "4"]
[White "LogoCzar"]
[Black "azikom"]
[Result "1/2-1/2"]
[WhiteElo "2380"]
[BlackElo "2605"]
[TimeControl "180+1"]
[EndTime "14:37:39 PDT"]
[Termination "Game drawn by repetition"]

1. e4 c6 2. d4 d5 3. e5 Bf5 4. h4 h6 5. g4 Bd7 6. h5 e6 7.
Nc3 c5 8. Nge2 Nc6 9. f4 cxd4 10. Nxd4 Nxd4 11. Qxd4 Ne7 12. Be3 Nc6 13. Qd2 Qa5 14. Nb5 Qxd2+ 15. Kxd2 Kd8 16. c3 a6 17. Nd4 Rc8 18.
a3 Na5 19. Nxe6+ Bxe6 20. Bb6+ Kd7 21. Bxa5 Bxg4 22. Bg2 Rc4 23. Bb6 Rxf4 24. Bxd5 Be7 25. Raf1 Bg5 26. Be3 Rxf1 27. Rxf1 Bxh5 28. Bxg5 hxg5 29.
Rf5 Bg6 30. Rxg5 Rh2+ 31. Rg2 Rxg2+ 32. Bxg2 b6 33. Ke3 Ke6 34. Kf4 a5 35. c4 f6 36.
Bd5+ Ke7 37. b4 axb4 38. axb4 Be8 39. Kf5 g6+ 40. Kf4 g5+ 41. Kf5 Bd7+ 42. e6 Ba4 43. c5 bxc5 44. bxc5 Bc2+ 45. Kg4 Bd1+ 46. Kf5 Bc2+ 47.
Kg4 Bd1+ 48. Kf5 Bc2+ 1/2-1/2

[Event "Late-Titled-Tuesday-Blitz-October-17-2023"]
[Site "Chess.com"]
[Date "2023.10.17"]
[Round "4"]
[White "Rikikits"]
[Black "ElenGajger"]
[Result "1-0"]
[WhiteElo "2821"]
[BlackElo "2375"]
[TimeControl "180+1"]
[EndTime "14:37:40 PDT"]
[Termination "Rikikits won by resignation"]

1. d4 Nf6 2. Bf4 g6 3. Nc3 d5 4. h4 Bg7 5. e3 h5 6. Nf3 Bg4 7.
Be2 Nbd7 8. Ne5 Bxe2 9. Qxe2 Nxe5 10. dxe5 Ne4 11. Nxe4 dxe4 12. Qb5+ Qd7 13. Qxb7 O-O 14. Qxe4 Qb5 15. O-O-O Rab8 16. b3 Rb6 17. Rd5 c5 18. Rhd1 Qa6 19. Qa4 Qe2 20. R5d2 Qg4 21. Qxa7 Rc6 22.
f3 Qxh4 23. Qb7 Rcc8 24. Qe4 c4 25. b4 c3 26. Rd7 Qf2 27. b5 Ra8 28. a4 Qe2 29.
R7d3 Rfb8 30. Rxc3 Qxg2 31. b6 Rc8 32. b7 Rxc3 33.
bxa8=Q+ Kh7 34. Qad5 e6 35. Qdd4 1-0

[Event "Late-Titled-Tuesday-Blitz-October-17-2023"]
[Site "Chess.com"]
[Date "2023.10.17"]
[Round "4"]
[White "Kale36"]
[Black "becemix"]
[Result "1-0"]
[WhiteElo "2307"]
[BlackElo "2477"]
[TimeControl "180+1"]
[EndTime "14:37:41 PDT"]
[Termination "Kale36 won by resignation"]

1. b3 d5 2. Bb2 Nf6 3. e3 Nc6 4. Bb5 g6 5. f4 Bg7 6. Nf3 O-O 7. Bxc6 bxc6 8. O-O Re8 9. d3 Rb8 10.
Nbd2 c5 11. Ne5 Qd6 12. Ba3 Nd7 13. Nxd7 Bxd7 14. Rb1 Qb6 15. Nf3 c4 16. d4 Qa6 17.
Qc1 Bf5 18. h3 c3 19. Bc5 Qxa2 20. Rf2 Rb7 21. Ra1 Qb2 22. Ba3 Qxc1+ 23. Bxc1 Rc8 24. g4 Be4 25. Ng5 Bf8 26. Nxe4 dxe4 27. f5 e6 28. fxe6 fxe6 29. Ba3 Bxa3 30. Rxa3 Rf8 31. Ra5 Rb6 32.
Rxa7 c5 33. Rxf8+ Kxf8 34. dxc5 Rc6 35. b4 h5 36. gxh5 gxh5 37. h4 Ke8 38. Kg2 Ra6 39. Rxa6 1-0

[Event "Late-Titled-Tuesday-Blitz-October-17-2023"]
[Site "Chess.com"]
[Date "2023.10.17"]
[Round "4"]
[White "Hrant_ChessMood"]
[Black "AlexPapasimakopoulos"]
[Result "1-0"]
[WhiteElo "2932"]
[BlackElo "2691"]
[TimeControl "180+1"]
[EndTime "14:37:45 PDT"]
[Termination "Hrant_ChessMood won by resignation"]

1. d4 d5 2. c4 e6 3. Nc3 a6 4. cxd5 exd5 5. Bf4 c6 6. e3 Bd6 7. Bd3 Bxf4 8. exf4 Nf6 9. Nf3 Bg4 10. Qe2+ Qe7 11. Qxe7+ Kxe7 12. Ne5 g6 13. f3 Bf5 14. Bxf5 gxf5 15.
O-O-O Nbd7 16. Rhe1 Kf8 17. Rd2 Re8 18. Nd1 Nxe5 19. fxe5 Nh5 20. Ne3 f4 21. Nf5 Ng7 22.
Nd6 Re7 23. g3 fxg3 24. hxg3 Ne8 25. Nf5 Rd7 26. f4 Ng7 27. Nh6 Nh5 28. Rd3 Kg7 29.
Nf5+ Kg6 30. Nh4+ Kg7 31. Rh1 Kf8 32. Nf5 Ng7 33. Nh6 Ke7 34. f5 Kd8 35. g4 Rf8 36. g5 Kc7 37. Rf3 c5 38. dxc5 Kc6 39. Ng4 Rh8 40. b4 d4 41. Rh6+ Kb5 42. Rd6 Rxd6 43. cxd6 Kxb4 44. Nh6 Rf8 45. d7 Rd8 46. Rb3+ Kc5 47.
Rxb7 Kc6 48. Nxf7 Rxd7 49. Rxd7 Kxd7 50. e6+ Ke7 51. f6+ Kxe6 52. Nd8+ 1-0

[Event "Late-Titled-Tuesday-Blitz-October-17-2023"]
[Site "Chess.com"]
[Date "2023.10.17"]
[Round "4"]
[White "Lion_DL"]
[Black "talaicito"]
[Result "1-0"]
[WhiteElo "2455"]
[BlackElo "2221"]
[TimeControl "180+1"]
[EndTime "14:37:45 PDT"]
[Termination "Lion_DL won on time"]

1. f4 b6 2. Nf3 Bb7 3. b3 e6 4. Bb2 d6 5. d3 Nd7 6. e4 h6 7. g3 a6 8. Bg2 Ngf6 9. O-O Be7 10. Nbd2 Ng4 11. Qe2 Bf6 12. d4 h5 13. h3 Nh6 14.
c4 c5 15. e5 Be7 16. exd6 Bxd6 17. Ne4 Be7 18. d5 Nf5 19. dxe6 fxe6 20. Kh2 Qc7 21. Neg5 Nxg3 22. Kxg3 h4+ 23. Kf2 Qxf4 24. Nxe6 Qg3+ 25. Kg1 Rh6 26. Nxg7+ Kd8 27. Nf5 Rg6 28. Qxe7+ 1-0

[Event "Late-Titled-Tuesday-Blitz-October-17-2023"]
[Site "Chess.com"]
[Date "2023.10.17"]
[Round "4"]
[White "CarlosjPineror"]
[Black "LuisFSiles"]
[Result "1-0"]
[WhiteElo "2490"]
[BlackElo "2291"]
[TimeControl "180+1"]
[EndTime "14:37:46 PDT"]
[Termination "CarlosjPineror won by resignation"]

1. e4 c5 2. Nf3 Nc6 3. d4 cxd4 4. Nxd4 Nf6 5. Nc3 e5 6. Ndb5 d6 7. Bg5 a6 8. Na3 b5 9. Nd5 Be7 10. Bxf6 Bxf6 11. c3 O-O 12. Nc2 Rb8 13. Bd3 Bg5 14. O-O Be6 15. Nce3 Ne7 16. Be2 Bxe3 17. Nxe3 d5 18.
exd5 Nxd5 19. Nxd5 Qxd5 20. Qxd5 Bxd5 21. Rfd1 Rfd8 22.
f3 Kf8 23. Kf2 Ke7 24. Rd2 Be6 25. Rxd8 Rxd8 26. Ke1 Bc4 27. a4 Bxe2 28. Kxe2 Rd5 29. axb5 axb5 30. Ra7+ Ke6 31. Ra6+ Ke7 32. Rb6 f5 33. g4 fxg4 34. fxg4 Rc5 35. h3 h6 36. Kd3 Kf7 37. b4 Rd5+ 38. Ke4 Rd1 39. Rxb5 Rh1 40.
Rxe5 Rxh3 41. Rc5 g5 42. b5 Rg3 43. b6 Rxg4+ 44. Ke5 Rg1 45. Rb5 1-0

[Event "Late-Titled-Tuesday-Blitz-October-17-2023"]
[Site "Chess.com"]
[Date "2023.10.17"]
[Round "4"]
[White "Levanzovsky"]
[Black "ValeriyGrinev"]
[Result "0-1"]
[WhiteElo "2421"]
[BlackElo "2586"]
[TimeControl "180+1"]
[EndTime "14:37:48 PDT"]
[Termination "ValeriyGrinev won by checkmate"]

1. e4 c5 2. Nf3 Nc6 3. Bb5 Nd4 4. Bc4 e6 5. c3 Nc6 6. O-O Nf6 7. Re1 Be7 8. d4 cxd4 9. cxd4 d5 10. exd5 exd5 11.
Bb3 O-O 12. Nc3 h6 13. h3 Bf5 14. Bf4 Re8 15. Ne5 Bb4 16. Rc1 a6 17. Nxc6 bxc6 18. a3 Rxe1+ 19. Qxe1 Bd6 20. Bxd6 Qxd6 21. Na4 Rb8 22.
Nc5 Ne4 23. Qe3 Qg6 24. Nxa6 Rb6 25. Nb4 h5 26. Ba4 Bd7 27. Qf4 Bxh3 28. Qh2 Bd7 29. Nxd5 cxd5 30. Bxd7 Rxb2 31. Qf4 Rxf2 32. Qh2 Qg5 33.
Rc8+ Kh7 34. Bh3 Qe3 35. Qe5 Rf1+ 36. Kh2 Qg1# 0-1

[Event "Late-Titled-Tuesday-Blitz-October-17-2023"]
[Site "Chess.com"]
[Date "2023.10.17"]
[Round "4"]
[White "ferdipy"]
[Black "Tiqr777"]
[Result "0-1"]
[WhiteElo "2376"]
[BlackElo "2630"]
[TimeControl "180+1"]
[EndTime "14:37:49 PDT"]
[Termination "Tiqr777 won by resignation"]

1. e4 g6 2. d4 Bg7 3. Nc3 d6 4.
Be3 Nc6 5. f3 e5 6. Nge2 f5 7.
dxe5 Nxe5 8. Nd4 fxe4 9. Nxe4 Nf6 10. Nxf6+ Qxf6 11. Qd2 O-O 12. Be2 Qf7 13. O-O Nc4 14. Bxc4 Qxc4 15. c3 Bd7 16. Bh6 Rae8 17. Rfe1 a6 18.
Bxg7 Kxg7 19. Qg5 Qf7 20. b3 Qf6 21. Qxf6+ Kxf6 22. Kf2 c5 23. Ne2 d5 24. Rad1 Bc6 25. Nf4 Rxe1 26. Rxe1 Rc8 27. Kg3 g5 28. Nh5+ Kg6 29.
Re6+ Kxh5 30. Kh3 g4+ 31. fxg4+ Kg5 32. Re5+ Kf6 33. Rh5 Kg6 34. Kh4 Rd8 35. g3 d4 36.
Rxc5 d3 0-1

[Event "Late-Titled-Tuesday-Blitz-October-17-2023"]
[Site "Chess.com"]
[Date "2023.10.17"]
[Round "4"]
[White "SEBAZZANO"]
[Black "tgpgoat"]
[Result "1-0"]
[WhiteElo "2273"]
[BlackElo "2401"]
[TimeControl "180+1"]
[EndTime "14:37:49 PDT"]
[Termination "SEBAZZANO won by checkmate"]

1. d4 Nf6 2. Bf4 e6 3. e3 c5 4. c3 Nc6 5. Nd2 b6 6. Ngf3 Bb7 7. dxc5 Bxc5 8. Nc4 d5 9. Nce5 Nxe5 10. Nxe5 O-O 11.
Bd3 Bd6 12. Bg3 Ne4 13. Bxe4 dxe4 14. Nc6 Bxc6 15. Qxd6 Qxd6 16. Bxd6 Rfd8 17. Bg3 Bb5 18. Rd1 Bd3 19. f3 f5 20. Kf2 b5 21. Be5 Rac8 22.
b4 Rc6 23. f4 Rd5 24. Rhg1 Rxe5 25. fxe5 Rxc3 26. Rc1 Ra3 27. Rc8+ Kf7 28. g4 Rxa2+ 29.
Kg3 g6 30. gxf5 exf5 31. Kf4 Rf2+ 32. Kg5 Rxh2 33. Rgc1 Bc4 34. Ra1 Rg2+ 35. Kh6 Rh2+ 36. Kg5 Ba2 37. Rac1 h6+ 38. Kf4 Rg2 39. R1c7+ Ke6 40.
Re8+ Kd5 41. Rc5# 1-0

[Event "Late-Titled-Tuesday-Blitz-October-17-2023"]
[Site "Chess.com"]
[Date "2023.10.17"]
[Round "4"]
[White "Tunahan_Makaraci"]
[Black "ural58"]
[Result "0-1"]
[WhiteElo "2337"]
[BlackElo "2514"]
[TimeControl "180+1"]
[EndTime "14:37:51 PDT"]
[Termination "ural58 won by resignation"]

1. e4 d5 2. exd5 Qxd5 3. Nc3 Qa5 4. d4 Nf6 5. Nf3 Nc6 6. Bb5 Ne4 7. O-O Nxc3 8. Bxc6+ bxc6 9. bxc3 Bf5 10. Bd2 Qa4 11. Ne5 Qxc2 12. Qe2 Qe4 13. Qc4 Qd5 14. Qa4 f6 15. Qxc6+ Qxc6 16. Nxc6 Kd7 17. Na5 e6 18. Rfe1 Rb8 19. Nc4 h5 20. Ne3 Bd3 21. c4 Ba3 22. Bc3 Bb2 23. Bxb2 Rxb2 24. Red1 Bg6 25. d5 e5 26. c5 Rhb8 27. c6+ Ke7 28. Nc4 Rb1 29. d6+ cxd6 30. c7 Rxd1+ 31. Rxd1 Rc8 32. Nxd6 Rxc7 33. Nb5 Rb7 34. a4 Bc2 35. Ra1 a5 36. Nc3 Rb4 37.
Nd5+ Kd6 38. Nxb4 axb4 39. Ra2 b3 40. Rb2 Kc5 41. Kf1 Kb4 42. Ke2 Kc3 43. Rxb3+ 0-1

[Event "Late-Titled-Tuesday-Blitz-October-17-2023"]
[Site "Chess.com"]
[Date "2023.10.17"]
[Round "4"]
[White "Thormento16"]
[Black "Elsa167"]
[Result "0-1"]
[WhiteElo "2344"]
[BlackElo "2812"]
[TimeControl "180+1"]
[EndTime "14:37:52 PDT"]
[Termination "Elsa167 won by resignation"]

1. e4 e6 2. d4 d5 3. exd5 exd5 4. Bd3 Nc6 5. c3 Bd6 6. Qf3 Nge7 7. Ne2 Be6 8. O-O Qd7 9. h3 O-O-O 10. Bf4 g5 11. Bxg5 Rhg8 12. Bf4 Bxh3 13. Ng3 Bg4 14. Qe3 Rde8 15. Bxd6 Qxd6 16. Nd2 h5 17. Rfe1 h4 18. Ne2 Ng6 19. Qh6 Bxe2 20. Bxe2 Qf4 21. Qxf4 Nxf4 22. Bf3 Rxe1+ 23. Rxe1 Nxg2 24. Bxg2 h3 25. Nf3 Rxg2+ 26.
Kf1 Rg8 27. Ke2 Ne7 28. Rh1 Ng6 29. Kd2 Nf4 30. Ng1 Re8 31. Nf3 Re2+ 32. Kd1 Rxb2 33.
Rh2 Rxa2 34. Ng5 a5 35. Nxh3 Nxh3 36. Rxh3 Rxf2 0-1

[Event "Late-Titled-Tuesday-Blitz-October-17-2023"]
[Site "Chess.com"]
[Date "2023.10.17"]
[Round "4"]
[White "filipluczak05"]
[Black "wanyaland"]
[Result "0-1"]
[WhiteElo "2606"]
[BlackElo "2454"]
[TimeControl "180+1"]
[EndTime "14:37:53 PDT"]
[Termination "wanyaland won by resignation"]

1. d4 d5 2. Nc3 Nf6 3. Bf4 c6 4.
e3 Bf5 5. Bd3 Bg6 6. Nf3 e6 7. Ne5 Bd6 8. h4 Qc7 9. h5 Bxd3 10. cxd3 h6 11. Rc1 Nbd7 12. Nxd7 Qxd7 13. Bxd6 Qxd6 14. Qf3 O-O-O 15. O-O Kb8 16. a3 e5 17. dxe5 Qxe5 18. d4 Qxh5 19. Qg3+ Ka8 20. Qxg7 Ng4 21. Rfe1 Rhg8 22. Qh7 Qh2+ 23. Kf1 Qh1+ 24.
Ke2 Qxg2 25. Qf5 Rge8 26. Nd1 Re6 27. Qf3 Qxf3+ 28. Kxf3 h5 29. Rh1 Rh8 30. Rc2 a6 31.
Nc3 Rf6+ 32. Kg2 Rg8 33. Re2 Nxe3+ 34. Kh2 Ng4+ 35. Kg2 Nxf2+ 36. Kh2 Nxh1 37. Kxh1 Rf4 38. Rh2 Rxd4 39. Rxh5 Rd2 40. Na4 Rg4 41. Nb6+ Ka7 42. Nc8+ Kb8 43. Rh8 Re4 44. Nd6+ Kc7 45. Nxe4 dxe4 46.
Re8 f5 47. Re5 Rxb2 48. Rxf5 e3 49. Re5 e2 50. Kg1 Kd6 51. Re8 b5 52. Kf2 a5 53.
Ra8 a4 54. Ke1 Ra2 55. Rd8+ Kc5 56. Rd3 Kc4 57. Rh3 Rc2 0-1

[Event "Late-Titled-Tuesday-Blitz-October-17-2023"]
[Site "Chess.com"]
[Date "2023.10.17"]
[Round "4"]
[White "Iball95"]
[Black "HalfIsCrayfish"]
[Result "1-0"]
[WhiteElo "2833"]
[BlackElo "2540"]
[TimeControl "180+1"]
[EndTime "14:37:54 PDT"]
[Termination "Iball95 won on time"]

1. e4 c6 2. d4 d5 3. exd5 cxd5 4. c4 Nf6 5. Nc3 Nc6 6. Nf3 Bg4 7. cxd5 Nxd5 8. h3 Bxf3 9. Qxf3 e6 10. Bb5 Rc8 11. O-O Be7 12. Nxd5 Qxd5 13. Qxd5 exd5 14. Be3 Kd7 15. Rac1 Bf6 16. Rfd1 Rhd8 17. Rc5 Ke7 18. Rdc1 Rd6 19. Bf4 Rdd8 20. Be3 Rd6 21. a3 a6 22. Be2 Bxd4 23. Rxc6 Rdxc6 24. Rxc6 Rxc6 25. Bxd4 Rc1+ 26. Kh2 f6 27. Kg3 Kd6 28. Kf3 Rc2 29. Ke3 Rc1 30.
h4 h6 31. h5 Rc8 32. Bd3 Re8+ 33. Kd2 Rb8 34. b4 Ke6 35. g4 Rd8 36. Bf5+ Kd6 37.
Bd3 Kc6 38. Kc3 Ra8 39. Be3 b6 40. Kd4 b5 41. Be2 Re8 42. Bf3 Rd8 43. Bg2 Rd7 44. Kd3 Kd6 45. f4 Rd8 46. Bc5+ Kc6 47. Kd4 Rd7 48. Bf8 1-0